 Dungeon Crawl Stone Soup version 0.20.1-1-g8b1a95d (webtiles) character file.

84140 Jazqa the Warrior (level 15, -14/147 HPs)
             Began as a Purple Draconian Berserker on Oct 28, 2017.
             Was a High Priest of Trog.
             Killed from afar by a balrug (41 damage)
             ... with a fireball
             ... on level 2 of the Abyss.
             The game lasted 00:51:08 (25854 turns).

Jazqa the Warrior (Purple Draconian Berserker)     Turns: 25854, Time: 00:51:09

Health: -14/147    AC: 23    Str: 25    XL:     15   Next: 34%
Magic:  15/15      EV: 19    Int:  8    God:    Trog [*****.]
Gold:   309        SH:  0    Dex: 11    Spells: 14/14 levels left

rFire    . . .     SeeInvis .   w - +6 triple sword (flame)
rCold    . . .     Gourm    .   (shield currently unavailable)
rNeg     . . .     Faith    +   (armour unavailable)
rPois    +         Spirit   .   D - +1 hat
rElec    .         Reflect  .   p - +2 cloak {+Inv}
rCorr    .         Harm     .   J - +1 pair of gloves
MR       ++...                  (no boots)
Stlth    +.........             H - amulet of faith {!P}
Regen    0.8/turn               a - ring of Robustness {AC+8}
MPRegen  0.2/turn               P - ring of poison resistance

@: liquid flames, glowing
A: breathe power, unfitting armour, regeneration 1, wild magic 1, cold-blooded,
AC +9
a: Breathe Dispelling Energy, Berserk, Trog's Hand, Brothers in Arms, Burn
Spellbooks, Renounce Religion, Evoke Invisibility


You were on level 2 of the Abyss.
You worshipped Trog.
Trog was extremely pleased with you.
You were not hungry.

You visited 4 branches of the dungeon, and saw 25 of its levels.
You visited the Abyss 1 time.

You collected 2381 gold pieces.
You spent 2072 gold pieces at shops.


Innate Abilities, Weirdness & Mutations

You can breathe bolts of dispelling energy.
Your rich purple scales are hard. (AC +9)
You cannot fit into any form of body armour.
You are cold-blooded and may be slowed by cold attacks.
Your natural rate of healing is unusually fast.
Your spells are a little harder to cast, but a little more powerful.


   Skills:
 + Level 17.1 Fighting
 + Level 16.0 Long Blades
 + Level 13.5 Dodging
 - Level 4.2 Shields
 + Level 0.7 Evocations


You had 14 spell levels left.
You didn't know any spells.

Inventory:

Hand Weapons
 q - a +4 antimagic demon blade
 w - a +6 triple sword of flaming (weapon)
Armour
 p - a +2 cloak of invisibility (worn)
 A - the +2 buckler of Deter {rF+ Str-5 Dex+4}
   (You found it on level 2 of the Lair of Beasts)

   It affects your strength (-5).
   It affects your dexterity (+4).
   It protects you from fire.
 D - a +1 hat (worn)
 J - a +1 pair of gloves (worn)
Jewellery
 a - the ring of Robustness (left hand) {AC+8}
   (You bought it in a shop on level 2 of the Orcish Mines)

   [ring of protection]

   It affects your AC (+8).
 f - an uncursed ring of protection from fire
 F - an uncursed ring of fire
 H - an amulet of faith (around neck) {!P}
 N - an uncursed ring of positive energy
 P - a ring of poison resistance (right hand)
Wands
 n - a wand of lightning (4/15)
 t - a wand of scattershot (3/9)
 u - a wand of scattershot (6/9)
 K - a wand of iceblast (5/15)
 L - a wand of acid (6/15)
 T - a wand of clouds (4/9)
Scrolls
 c - 7 scrolls of remove curse {@r2}
 d - 6 scrolls of teleportation {@r4}
 e - a scroll of random uselessness {unknown}
 g - 6 scrolls of recharging
 l - a scroll of magic mapping
 z - 2 scrolls of holy word
 C - 2 scrolls of fear
 E - 3 scrolls of identify {@r1}
 S - a scroll of fog
 U - 4 scrolls of enchant armour
Potions
 h - 5 potions of flight
 j - 2 potions of agility
 k - 4 potions of haste {@q3}
 m - 3 potions of resistance
 o - 2 potions of invisibility
 r - 3 potions of cancellation
 s - 3 potions of might
 I - a potion of ambrosia
 M - a potion of mutation {!q}
 O - 3 potions of lignification {!q}
 Y - 7 potions of curing {@q1}
Miscellaneous
 x - a phantom mirror
 W - a box of beasts
Comestibles
 b - 17 bread rations {@e1}
 i - 13 meat rations {@e1}
 v - 10 fruits {@e2}
 G - 9 royal jellies {@e3}

Dungeon Overview and Level Annotations

Branches:
Dungeon (14/15)            Temple (0/1) D:5            Lair (6/6) D:8
  Swamp (3/4) Lair:4       Spider (0/4) Lair:3          Orc (2/2) D:9
    Elf (0/3) Orc:2
  Slime: Lair:5-6    Vaults: D:13-14

Altars:
Ashenzari
Dithmenos
Fedhas
Hepliaklqana
Kikubaaqudgha
Nemelex Xobeh
Okawaru
Ru
Sif Muna
Trog
Xom
Zin
Beogh

Shops:
D:6 :   D:9 :   Orc:2 =*[(=

Annotations:
Lair:1 Sonja
Lair:3 exclusion: 2 oklob plants
Lair:5 exclusion: 3 oklob plants
Swamp:3 Louise

.. .▒...▒ #
.# .......
▓.▒ ▒░▓ ..▒
▒
.▒▓..#▒#.▒▒
.▒. ...▒.#.
.#.▒##.▓##
░..▓.▒▒..▓.▓
..
▒..#.#▒▓▒.▒
..
#...#...#.#
.▒ ▒
.#2@▒..▒ .▒
▒.▒.#▓.#▒▒.
#.▒▓░.▒..▒.#
. ## .░#▓▒
## ###░


You could see a balrug.


Message History

You slice the balrug!! You tail-slap the balrug.
The balrug is heavily wounded.
The balrug gestures at you. The bolt of fire misses you.
You hit the balrug.
The balrug is heavily wounded.
The balrug gestures at you.
The fireball explodes!
The fireball engulfs you!
* * * LOW HITPOINT WARNING * * *
The fireball engulfs the balrug.
The balrug completely resists.
You miss the balrug. You tail-slap the balrug.
The balrug is heavily wounded.
The balrug gestures at you. Something smites you!
* * * LOW HITPOINT WARNING * * *
The balrug hits you with a demon whip of venom!
* * * LOW HITPOINT WARNING * * *
You are engulfed in flames!!
* * * LOW HITPOINT WARNING * * *
You are poisoned.
You feel better. The balrug gestures at you. The sticky flame hits you!
You are covered in liquid flames!
You feel much better.
You are covered in liquid flames!
* * * LOW HITPOINT WARNING * * *
The balrug gestures at you.
The fireball explodes!
The fireball engulfs you!
You die...

Skill      XL: |  1  2  3  4  5  6  7  8  9 10 11 12 13 14 15 |
---------------+----------------------------------------------+-----
Fighting       | 4 5 6 7 9 10 12 13 14 15 16 17 | 17.1
Long Blades    | 4 5 6 7 8 10 11 12 13 14 15 16 | 16.0
Dodging        | 3 5 7 9 10 12 13 | 13.5
Shields        | 4 |  4.2
Evocations     | |  0.7

Action                   |  1- 3 |  4- 6 |  7- 9 | 10-12 | 13-15 || total
-------------------------+-------+-------+-------+-------+-------++-------
Melee: Falchion          |   129 |   127 |   387 |   166 |       ||   809
       Tailslap          |    15 |    26 |    75 |   116 |   188 ||   420
       Great sword       |       |       |       |   141 |       ||   141
       Triple sword      |       |       |       |   239 |   513 ||   752
       Demon blade       |       |       |       |       |   438 ||   438
Throw: Javelin           |       |       |       |       |     1 ||     1
Invok: Berserk           |       |     2 |    13 |    14 |     4 ||    33
       Trog's Hand       |       |       |     1 |     2 |     5 ||     8
       Brothers in Arms  |       |       |       |     1 |     6 ||     7
       Burn Spellbooks   |       |       |       |       |     5 ||     5
Evoke: Wand              |       |       |       |     2 |       ||     2
  Use: Scroll            |     2 |     4 |     1 |     2 |    27 ||    36
       Potion            |     1 |       |    13 |     2 |     6 ||    22
 Stab: Sleeping          |       |     1 |     1 |     1 |     1 ||     4
       Petrifying        |       |       |       |       |     3 ||     3
       Petrified         |       |       |       |       |     3 ||     3
       Distracted        |       |       |       |       |     2 ||     2
  Eat: Chunk             |     1 |    11 |    19 |    25 |    32 ||    88
       Bread ration      |       |       |     2 |       |       ||     2
       Royal jelly       |       |       |     1 |     3 |     6 ||    10
       Meat ration       |       |       |       |     1 |       ||     1
Armor: Skin              |    30 |    33 |   119 |   175 |   352 ||   709
Dodge: Dodged            |   103 |    69 |   235 |   609 |   964 ||  1980
Block: Buckler           |       |       |       |       |   115 ||   115
       Rpst.: Falchion   |    40 |    18 |    69 |    33 |       ||   160
       Great sword       |       |       |       |    52 |       ||    52
       Triple sword      |       |       |       |   112 |   155 ||   267
       Demon blade       |       |       |       |       |    68 ||    68

Vault maps used:
D:1:      dpeg_arrival_boxorama
D:2:      nicolae_ru_sacrificial_ziggurat
D:3:      minitemple
D:4:      kennysheep_mini_moat, uniq_crazy_yiuf_cottage, uniq_menkaure
D:5:      zin_angel, minmay_temple_entry_butterflies, first_bread
D:6:      lemuel_round_altar, serial_shops, shop, brannock_xom_greatest_gift
D:7:      lemuel_doored_altar, grunt_ogre_cave, uniq_duvessa, uniq_pikel
D:8:      lemuel_round_altar, minmay_lair_entry_lava, uniq_maurice
D:9:      erik_orc_1, serial_shops, nicolae_shop_trees, uniq_grum
D:11:     serial_shops, statue_bzr, minivault_5, wad_floor_pattern_untrapped
D:14:     lightli_vaults_fourway_checkpoint, lemuel_mausoleum_altar_yredelemnul,
          enter_trove_5, kennysheep_generic_room_14, uniq_snorg
Lair:1:   uniq_sonja
Lair:2:   portal_ice_cave_entry_ice_beasts
Lair:3:   nicolae_spider_entry_tight_spaces, minmay_lair_oklob_items,
          kennysheep_basilisk_garden, infiniplex_staircase_pool_2
Lair:4:   swamp_mist_pool, basic_altar, special_room, wad_woods_01
Lair:5:   minmay_slime_entry_oklob_enclosed, serial_bayou_shore_b,
          grunt_megastairs_5
Lair:6:   wormcave, guppyfry_lair_end_dragon, lab_entry_generic, uniq_josephine
Swamp:1:  evilmike_swamp_ruin_house_1
Swamp:2:  evilmike_swamp_ruin_house_3
Swamp:3:  cheibrodos_swamp_tower_of_moss, evilmike_swamp_ruin_rubble_2,
          swamp_pool5, ldierk_geyser, uniq_louise
Orc:1:    basic_altar
Orc:2:    st_orc_congregation, basic_altar, serial_shops,
          nicolae_shop_statue_plus, mines2_david

Notes
Turn   | Place    | Note
-------+----------+-------------------------------------------
     0 | D:1      | Jazqa the Draconian Berserker began the quest for the Orb.
     0 | D:1      | Reached XP level 1. HP: 19/19 MP: 1/1
   142 | D:1      | Reached XP level 2. HP: 25/26 MP: 2/2
   327 | D:1      | Reached ** piety under Trog
   449 | D:1      | Reached skill level 4 in Fighting
   530 | D:1      | Reached XP level 3. HP: 28/33 MP: 3/3
   904 | D:2      | Found a sacrificial altar of Ru.
  1194 | D:2      | Reached skill level 4 in Long Blades
  1194 | D:2      | Reached XP level 4. HP: 16/41 MP: 4/4
  2367 | D:3      | Found an iron altar of Okawaru.
  2368 | D:3      | Found a bloodstained altar of Trog.
  2368 | D:3      | Found an ancient bone altar of Kikubaaqudgha.
  2368 | D:3      | Found a deep blue altar of Sif Muna.
  2383 | D:3      | Found a shimmering altar of Xom.
  2385 | D:3      | Found a blossoming altar of Fedhas.
  2529 | D:3      | Reached skill level 5 in Fighting
  2529 | D:3      | Reached XP level 5. HP: 48/48 MP: 5/5
  2857 | D:4      | Found a runed door.
  2915 | D:4      | Reached skill level 5 in Long Blades
  2990 | D:4      | Reached *** piety under Trog
  3024 | D:4      | Noticed Menkaure
  3032 | D:4      | Killed Menkaure
  3032 | D:4      | Reached skill level 6 in Fighting
  3032 | D:4      | Reached XP level 6. HP: 54/57 MP: 6/6
  3320 | D:4      | Found a sparkling altar of Nemelex Xobeh.
  3933 | D:4      | Reached skill level 6 in Long Blades
  3933 | D:4      | Your scales start taking on a rich purple colour.
  3933 | D:4      | Reached XP level 7. HP: 47/64 MP: 7/7
  4006 | D:4      | Noticed Crazy Yiuf
  4011 | D:4      | Killed Crazy Yiuf
  4095 | D:5      | Entered Level 5 of the Dungeon
  4163 | D:5      | Found a staircase to the Ecumenical Temple.
  4635 | D:5      | Reached skill level 7 in Fighting
  5082 | D:5      | Reached skill level 7 in Long Blades
  5337 | D:5      | Reached XP level 8. HP: 59/74 MP: 8/8
  5348 | D:5      | Found a glowing silver altar of Zin.
  5349 | D:5      | Noticed an angel
  5439 | D:5      | Reached skill level 8 in Fighting
  5770 | D:5      | Reached skill level 8 in Long Blades
  5779 | D:5      | Gained mutation: Scrolls take you a little longer to read. [mutagenic meat]
  5780 | D:5      | Gained mutation: Your natural rate of healing is unusually fast. [mutagenic meat]
  5781 | D:5      | Gained mutation: You have sharp fingernails. [mutagenic meat]
  5782 | D:5      | Gained mutation: Scrolls take you longer to read. [mutagenic meat]
  5805 | D:5      | Identified 2 potions of resistance
  5811 | D:5      | Lost mutation: Scrolls take you longer to read. [potion of mutation]
  5811 | D:5      | Lost mutation: Scrolls take you a little longer to read. [potion of mutation]
  5811 | D:5      | Lost mutation: Your natural rate of healing is unusually fast. [potion of mutation]
  5811 | D:5      | Lost mutation: You have sharp fingernails. [potion of mutation]
  5811 | D:5      | Gained mutation: Your spells are a little harder to cast, but a little more powerful. [potion of mutation]
  5811 | D:5      | Gained mutation: You evolve. [potion of mutation]
  5811 | D:5      | Gained mutation: Your natural rate of healing is unusually fast. [potion of mutation]
  6020 | D:6      | Reached **** piety under Trog
  6096 | D:6      | Reached skill level 9 in Fighting
  6111 | D:6      | Found Gofahaebirr's Book Emporium.
  6184 | D:6      | Reached skill level 3 in Dodging
  6359 | D:6      | Reached XP level 9. HP: 78/84 MP: 9/9
  6423 | D:6      | Found a shimmering altar of Xom.
  6524 | D:6      | Reached skill level 9 in Long Blades
  6551 | D:6      | Found a shadowy altar of Dithmenos.
  6792 | D:7      | HP: 8/85 [poisoned by a killer bee]
  6797 | D:7      | HP: 6/85 [poisoned by a killer bee]
  6803 | D:7      | HP: 7/85 [poisoned by a killer bee]
  7058 | D:7      | Found a shattered altar of Ashenzari.
  7157 | D:7      | Reached skill level 4 in Dodging
  7773 | D:7      | Noticed Duvessa
  7773 | D:7      | Noticed Dowan
  7780 | D:7      | Reached skill level 10 in Fighting
  7784 | D:7      | Killed Dowan
  7794 | D:7      | Killed Duvessa
  7795 | D:7      | Noticed Pikel
  7858 | D:7      | Killed Pikel
  7858 | D:7      | Reached skill level 5 in Dodging
  8361 | D:8      | Found a staircase to the Lair.
  8443 | D:8      | Noticed Maurice
  8456 | D:8      | Killed Maurice
  8456 | D:8      | Reached skill level 10 in Long Blades
  8456 | D:8      | Reached XP level 10. HP: 94/94 MP: 10/10
  8513 | D:8      | Reached ***** piety under Trog
  8662 | D:8      | Reached skill level 6 in Dodging
  8789 | D:8      | Reached skill level 11 in Fighting
  8981 | D:8      | Received a gift from Trog
  9124 | D:8      | Found a hazy altar of Hepliaklqana.
  9285 | D:9      | Found a staircase to the Orcish Mines.
  9398 | D:9      | Lost mutation: You evolve. [evolution]
  9650 | D:9      | Found Aloess's Book Boutique.
  9728 | D:9      | Noticed Grum
  9741 | D:9      | Killed Grum
  9741 | D:9      | Reached skill level 7 in Dodging
  9846 | D:9      | Reached skill level 11 in Long Blades
 10053 | Orc:1    | Entered Level 1 of the Orcish Mines
 10066 | Orc:1    | Reached skill level 12 in Fighting
 10151 | D:9      | Reached XP level 11. HP: 104/104 MP: 3/11
 10211 | Lair:1   | Entered Level 1 of the Lair of Beasts
 10255 | Lair:1   | HP: 10/156 [yak (6)]
 10425 | Lair:1   | Noticed a four-headed hydra
 10432 | Lair:1   | Killed a four-headed hydra
 10432 | Lair:1   | Reached skill level 8 in Dodging
 10497 | Lair:1   | Received a gift from Trog
 10834 | Lair:1   | Noticed Sonja
 11167 | Lair:1   | Noticed a catoblepas
 11173 | Lair:1   | Killed a catoblepas
 11890 | Lair:2   | Got a shimmering buckler
 11899 | Lair:2   | Noticed an eight-headed hydra
 11907 | Lair:2   | Killed a five-headed hydra
 11939 | Lair:2   | Reached skill level 13 in Fighting
 12065 | Lair:2   | Reached skill level 12 in Long Blades
 12174 | Lair:2   | Reached skill level 9 in Dodging
 12194 | Lair:2   | Found a frozen archway.
 12707 | Lair:3   | Reached XP level 12. HP: 115/115 MP: 12/12
 13130 | Lair:3   | Found a hole to the Spider Nest.
 13731 | Lair:4   | Found a staircase to the Swamp.
 13952 | Lair:4   | Noticed Jazqa's ghost (journeyman GrFi)
 13960 | Lair:4   | Killed Jazqa's ghost
 13960 | Lair:4   | Reached skill level 10 in Dodging
 14061 | Lair:4   | Reached skill level 14 in Fighting
 14152 | Lair:4   | Reached skill level 13 in Long Blades
 14589 | Lair:4   | Found a blossoming altar of Fedhas.
 14800 | Lair:5   | Received a gift from Trog
 14815 | Lair:5   | Noticed an eight-headed hydra
 14839 | Lair:5   | Killed a seven-headed hydra
 14988 | Lair:5   | Reached ****** piety under Trog
 15044 | Lair:5   | Received a gift from Trog
 15099 | Lair:5   | Reached XP level 13. HP: 109/125 MP: 13/13
 15636 | Lair:6   | Entered Level 6 of the Lair of Beasts
 15734 | Lair:6   | Noticed Josephine
 15740 | Lair:6   | Killed Josephine
 15740 | Lair:6   | Reached skill level 11 in Dodging
 16200 | Lair:6   | Reached skill level 15 in Fighting
 16375 | Lair:6   | Noticed a fire dragon
 16387 | Lair:6   | Killed a fire dragon
 16387 | Lair:6   | Reached skill level 14 in Long Blades
 17409 | Orc:2    | Entered Level 2 of the Orcish Mines
 17477 | Orc:2    | Found Uppiakk's Antique Armour Emporium.
 17477 | Orc:2    | Found Lugywk's General Store.
 17477 | Orc:2    | Found Sukuh's Antique Weapon Emporium.
 17477 | Orc:2    | Found Ifoat's Jewellery Shoppe.
 17478 | Orc:2    | Noticed an orc warlord
 17482 | Orc:2    | Found Boraen's Jewellery Shoppe.
 17702 | Orc:1    | Found a shimmering altar of Xom.
 17711 | Orc:1    | Received a gift from Trog
 17964 | Orc:2    | Found a roughly hewn altar of Beogh.
 18034 | Orc:2    | Killed an orc warlord
 18040 | Orc:2    | Found a roughly hewn altar of Beogh.
 18046 | Orc:2    | Found a staircase to the Elven Halls.
 18170 | Orc:1    | Identified the +2 buckler of Deter {rF+ Str-5 Dex+4} (You found it on level 2 of the Lair of Beasts)
 18214 | Orc:2    | Received a gift from Trog
 18239 | Orc:2    | Paralysed by an orc sorcerer for 2 turns
 18301 | Orc:2    | Bought the ring of Robustness {AC+8} for 1792 gold pieces
 18487 | Orc:2    | Reached skill level 12 in Dodging
 18631 | Orc:2    | Reached XP level 14. HP: 96/136 MP: 14/14
 18998 | D:10     | Entered Level 10 of the Dungeon
 19085 | D:10     | Received a gift from Trog
 20534 | D:11     | Received a gift from Trog
 21108 | D:12     | Reached skill level 1 in Shields
 21367 | D:13     | Reached skill level 16 in Fighting
 21575 | D:13     | Reached skill level 15 in Long Blades
 21575 | D:13     | Reached skill level 2 in Shields
 21798 | D:13     | Received a gift from Trog
 22181 | D:14     | Reached skill level 3 in Shields
 22220 | D:14     | Noticed Snorg
 22436 | D:13     | Killed Snorg
 22775 | Orc:2    | Bought an uncursed ring of poison resistance for 280 gold pieces
 22932 | Swamp:1  | Entered Level 1 of the Swamp
 22949 | Swamp:1  | Reached skill level 4 in Shields
 22950 | Swamp:1  | Noticed a thorn hunter
 22964 | Swamp:1  | Killed a thorn hunter
 23505 | Swamp:1  | Received a gift from Trog
 23515 | Swamp:1  | Reached skill level 13 in Dodging
 23930 | Swamp:1  | Reached XP level 15. HP: 98/145 MP: 15/15
 25324 | Swamp:3  | Reached skill level 17 in Fighting
 25365 | Swamp:3  | Noticed a thorn hunter
 25384 | Swamp:3  | Killed a thorn hunter
 25408 | Swamp:3  | Received a gift from Trog
 25692 | Swamp:3  | Reached skill level 16 in Long Blades
 25699 | Swamp:3  | Noticed Louise
 25707 | Swamp:3  | You are cast into the Abyss!
 25707 | Swamp:3  | Cast into level 2 of the Abyss (Louise)
 25852 | Abyss:2  | HP: 2/147 [balrug/demon whip of venom (23)]
 25854 | Abyss:2  | Killed from afar by a balrug

Vanquished Creatures
  2 thorn hunters
  Snorg (D:13)
  Josephine (Lair:6)
  A fire dragon (Lair:6)
  The ghost of Jazqa the Fighter, a journeyman GrFi of Okawaru (Lair:4)
  4 vault guards
  12 hydras
  3 centaur warriors
  3 catoblepae
  2 alligators
  4 orc high priests (Orc:2)
  2 unseen horrors
  2 shambling mangroves (Swamp:1)
  5 swamp dragons
  An orc knight (Orc:1)
  Pikel (D:7)
  2 wolf spider zombies (D:14)
  A cyclops (D:13)
  3 orc sorcerers (Orc:2)
  An ugly thing (D:12)
  6 black mambas
  Maurice (D:8)
  11 spiny frogs
  4 rime drakes
  A rime drake (shapeshifter) (D:13)
  A centaur skeleton (D:14)
  8 komodo dragons
  An efreet (D:14)
  3 trolls
  3 meliai (Lair:4)
  A queen bee (Lair:4)
  10 hornets
  3 jumping spiders (Lair:3)
  A wolf spider simulacrum (D:10)
  4 tyrant leeches
  2 polar bears
  3 blink frogs
  5 bog bodies
  4 hippogriffs
  A slime creature (D:14)
  A redback (Lair:3)
  A shadow (D:12)
  6 wraiths
  13 spriggans
  2 wyverns
  32 yaks
  8 basilisks
  A steam dragon (Lair:3)
  Grum (D:9)
  6 vampire mosquitoes
  Menkaure (D:4)
  7 swamp worms
  2 acid dragons
  11 insubstantial wisps
  5 wargs
  13 water moccasins
  2 hell hounds (D:8)
  Duvessa (D:7)
  9 porcupines
  9 swamp drakes
  16 ice beasts
  10 sky beasts
  2 black bears
  A hornet zombie (D:13)
  33 orc warriors
  2 eyes of draining
  7 centaurs
  12 ogres
  3 phantoms
  4 wolves (D:9)
  3 big kobolds
  10 crocodiles
  A wyvern zombie (D:14)
  13 bullfrogs
  3 scorpions
  6 jellies
  Dowan (D:7)
  35 killer bees
  15 wights
  8 howler monkeys
  6 crimson imps
  A bullfrog zombie (D:5)
  3 centaur zombies
  7 hounds
  2 quasits
  23 orc priests
  Crazy Yiuf (D:4)
  2 gnoll shamans
  9 iguanas
  28 orc wizards
  6 worker ants
  A hound zombie (D:10)
  A hound skeleton (D:7)
  2 howler monkey zombies
  2 worker ant zombies
  17 adders
  6 gnolls
  2 shadow imps
  3 worms
  2 adder zombies
  A dart slug (D:1)
  7 leopard geckos
  100 orcs
  6 giant cockroaches
  8 goblins
  3 hobgoblins
  9 quokkas
  2 ball pythons
  5 bats
  3 frilled lizards
  15 kobolds
  9 rats
  2 briar patches (Swamp:3)
  A fungus (Lair:6)
  A plant (Lair:6)
737 creatures vanquished.

Vanquished Creatures (collateral kills)
  An orc warlord (Orc:2)
  3 orc knights (Orc:2)
  A komodo dragon (Lair:6)
  8 orc warriors (Orc:2)
  An ogre (Orc:2)
  2 orc wizards (Orc:2)
  3 orc priests (Orc:2)
  4 orcs (Orc:2)
23 creatures vanquished.

Vanquished Creatures (others)
  A blink frog (Swamp:2)
  A swamp worm (Swamp:2)
  An orc priest (D:13)
  A bullfrog skeleton (D:7)
  A shadow imp (D:14)
  3 briar patches (Swamp:3)
  5 fungi
  15 plants
  9 toadstools (Swamp:3)
37 creatures vanquished.

Grand Total: 797 creatures vanquished
